 Dungeon Crawl Stone Soup version 0.29-a0-275-g389c0b56f3 (webtiles) character file.

Game seed: 13987430551387153544

925 spaghetti the Chopper (level 7, -2/58 HPs)
             Began as a Demonspawn Fighter on Mar 12, 2022.
             Engulfed by a steam dragon's steam (9 damage)
             ... on level 6 of the Dungeon.
             The game lasted 00:07:19 (5077 turns).

spaghetti the Chopper (Demonspawn Fighter)          Turns: 5077, Time: 00:07:19

Health: -2/58      AC:  7    Str: 22    XL:     7   Next: 84%
Magic:  7/7        EV:  9    Int: 11    God:
Gold:   177        SH:  5    Dex: 13    Spells: 6/6 levels left

rFire   . . .      SeeInvis +   b - +2 falchion (venom) {long}
rCold   . . .      Faith    .   (no shield)
rNeg    + . .      Spirit   .   u - +1 scale mail
rPois   .          Reflect  +   (helmet unavailable)
rElec   .          Harm     .   (no cloak)
rCorr   .          Rampage  .   (no gloves)
Will    .....                   (no boots)
Stlth   ..........              s - amulet of reflection
HPRegen 0.19/turn               f - +6 ring of strength
MPRegen 0.10/turn               m - ring of positive energy

@: lethally poisoned (-2 -> -3)
A: antennae 3, foul stench 2
a: no special abilities


You were on level 6 of the Dungeon.
You visited 1 branch of the dungeon, and saw 6 of its levels.

You collected 277 gold pieces.
You spent 100 gold pieces at shops.


Innate Abilities, Weirdness & Mutations

You have a pair of large antennae on your head. (SInv)
You sometimes emit foul miasma when damaged in melee.


   Skills:
 - Level 6.0 Fighting
 + Level 6.9 Axes
 - Level 2.6 Armour
 - Level 2.6 Shields


You had 6 spell levels left.
You didn't know any spells.
Your spell library contained the following spells:

 Spells                   Type           Power      Damage    Failure   Level
 Magic Dart               Conj           0%         1d3       67%         1
 Call Imp                 Summ           0%         N/A       80%         2
 Mephitic Cloud           Conj/Pois/Air  0%         N/A       95%         3
 Summon Guardian Golem    Hex/Summ       0%         N/A       95%         3
 Orb of Destruction       Conj           0%         9d5       100%        7
 Spellforged Servitor     Conj/Summ      0%         N/A       100%        7

Inventory:

Hand Weapons
 a - the +7 shortbow of the Foot {speed, +Blink Dex-5 Stlth+, bow}
   (You found it on level 5 of the Dungeon)

   Attacks with this weapon are significantly faster.
   Dex:       It affects your dexterity (-5).
   +Blink:    It lets you blink.
   Stlth:     It makes you more stealthy.
 b - a +2 falchion of venom (weapon) {long}
   (You found it on level 3 of the Dungeon)
 v - a +0 executioner's axe {axerare=g}
   (You bought it in a shop on level 4 of the Dungeon)
Missiles
 h - 3 poisoned darts {throwing}
 j - 77 stones (quivered) {throwing}
 x - 2 boomerangs {throwing}
Armour
 u - a +1 scale mail (worn)
 y - a +1 hat
   (You found it on level 4 of the Dungeon)
Jewellery
 f - a +6 ring of strength (left hand)
   (You found it on level 1 of the Dungeon)
 m - a ring of positive energy (right hand)
   (You found it on level 2 of the Dungeon)
 s - an amulet of reflection (around neck)
   (You found it on level 3 of the Dungeon)
Wands
 c - a wand of charming (8)
   (You found it on level 5 of the Dungeon)
 p - a wand of digging (6)
   (You found it on level 5 of the Dungeon)
 t - a wand of paralysis (15)
   (You found it on level 3 of the Dungeon)
 z - a wand of flame (29)
   (You found it on level 5 of the Dungeon)
Scrolls
 k - 3 scrolls of teleportation {@r4}
Potions
 d - 2 potions of might
 e - 2 potions of heal wounds {@q2}
 g - a potion of curing {@q1}
 i - 3 potions of lignification {!q}
 l - a potion of invisibility {unknown}
 n - a potion of resistance {unknown}
 o - a potion of degeneration {unknown}
 q - a potion of brilliance {unknown}
 r - a potion of haste {unknown}
 w - a potion of flight {unknown}

Dungeon Overview and Level Annotations

Branches:
Dungeon (6/15)
 Temple: D:4-7

Altars:

Shops:
D:4

* ... #'# #.########(#
#........#)#
########.###)#
............)#
##################.#####
..............####ยง#
.############.ยงยง@D.#
.# ######## .# .# .# .#
.# ##


You could see a steam dragon.


Message History

๐Ÿ˜ฎ HP[-1]
You take 1 damage, and now have 41/58 hp.
You barely miss the kobold.
You feel sick. The kobold hits you but does no damage.
You hit the kobold.
You feel sick. The kobold hits you but does no damage.
The kobold hits you with a +0 short sword. ๐Ÿ˜ฎ HP[-6]
You take 6 damage, and now have 35/58 hp.
You closely miss the kobold.
You feel sick.
The kobold hits you but does no damage. ๐Ÿ˜ฎ HP[-2]
You take 2 damage, and now have 33/58 hp.
You hit the kobold.
You kill the kobold!
You feel sick.
You closely miss the kobold.
You feel sick.
You are no longer poisoned.
You block the kobold's attack.
The kobold hits you with a +0 club. ๐Ÿ˜ฎ HP[-3]
You take 3 damage, and now have 30/58 hp.
You hit the kobold.
You kill the kobold!
The kobold throws a poisoned dart.
The poisoned dart hits you.
You are poisoned.
You swing at nothing.
You feel sick. ๐Ÿ˜จ HP[-2]
You take 2 damage, and now have 28/58 hp.
You closely miss the kobold.
You feel sick. The kobold closely misses you.
You slash the kobold!
You kill the kobold!
You feel sick.
The lemure hits you but does no damage. ๐Ÿ˜จ HP[-2]
You take 2 damage, and now have 26/58 hp.
You slash the lemure!
The lemure is poisoned.
You feel sick.
You are no longer poisoned.
The lemure hits you but does no damage. ๐Ÿ˜จ HP[-1]
You take 1 damage, and now have 25/58 hp.
You hit the lemure but do no damage.
The lemure looks as sick as possible!
You block the lemure's attack.
You hit the lemure but do no damage. The lemure hits you but does no damage.
The lemure hits you.
* * * LOW HITPOINT WARNING * * *
๐Ÿ˜จ HP[-5]
You take 5 damage, and now have 20/58 hp.
You miss the lemure.
The lemure barely misses you. ๐Ÿ˜จ HP[+1]
You hit the lemure but do no damage.
The lemure looks as sick as possible!
The lemure hits you.
* * * LOW HITPOINT WARNING * * *
๐Ÿ˜จ HP[-4]
You take 4 damage, and now have 17/58 hp.
You closely miss the lemure. The lemure hits you.
* * * LOW HITPOINT WARNING * * *
You emit a cloud of foul miasma!
The lemure hits you.
* * * LOW HITPOINT WARNING * * *
๐Ÿ˜ฑ HP[-10]
You take 10 damage, and now have 7/58 hp.
You closely miss the lemure. You block the lemure's attack.
You feel much better.
You block the lemure's attack. ๐Ÿ˜จ HP[+17]
You regained 17 hp, and now have 24/58 hp.
Okay, then.
You hit the lemure but do no damage.
The lemure looks as sick as possible!
A steam dragon comes into view.
The lemure hits you.
* * * LOW HITPOINT WARNING * * *
๐Ÿ˜จ HP[-5]
You take 5 damage, and now have 19/58 hp.
The steam dragon hisses angrily.
You hit the lemure.
You kill the lemure!
That felt strangely unrewarding. ๐Ÿ˜จ HP[+1] ๐Ÿ˜จ HP[+1]
The kobold throws a poisoned dart.
The poisoned dart hits you.
You are poisoned.
You feel sick. ๐Ÿ˜จ HP[-2]
You take 2 damage, and now have 19/58 hp.
A kobold is nearby!
You feel sick. ๐Ÿ˜จ HP[-1]
You take 1 damage, and now have 18/58 hp.
You feel sick. The steam dragon breathes steam at you.
The ball of steam hits the kobold!
The kobold dies!
The ball of steam hits you!
* * * LOW HITPOINT WARNING * * *
You are engulfed in a cloud of scalding steam.
* * * LOW HITPOINT WARNING * * *
You feel sick.
Things that are here:
a +0 short sword {short}; 3 poisoned darts {throwing} ๐Ÿ˜ฑ HP[-11]
You take 11 damage, and now have 7/58 hp.
You barely miss the steam dragon.
You are engulfed in a cloud of scalding steam.
You die...

Skill      XL: |  1  2  3  4  5  6  7 |
---------------+----------------------+-----
Axes           | 2 3 4 5 6 |  6.9
Fighting       | 5 6 |  6.0
Armour         | |  2.6
Shields        | |  2.6

Action                   |  1- 3 |  4- 6 |  7- 9 || total
-------------------------+-------+-------+-------++-------
Melee: War axe           |    71 |    76 |       ||   147
       Falchion          |       |    61 |    42 ||   103
       Punch             |       |       |     1 ||     1
 Fire: Shortbow          |       |     4 |    19 ||    23
Throw: Stone             |    16 |   112 |    11 ||   139
  Use: Scroll            |     2 |     4 |       ||     6
       Potion            |       |     1 |     1 ||     2
Armor: Scale mail        |    37 |    47 |    12 ||    96
Dodge: Dodged            |    41 |    62 |    19 ||   122
Block: Buckler           |    16 |    54 |       ||    70
       Reflection        |       |     2 |     2 ||     4
       Other             |       |       |    10 ||    10

Levels and vault maps discovered:
D:1:      onia_arrival_pentagram, layout_basic, serial_glass, glass_columns_b,
          glass_columns_c, glass_columns_a, glass_columns_a, glass_columns_b,
          glass_columns_a, glass_columns_b, glass_columns_a,
          chequers_ecumenical_altar_simple, serial_shops, shop_statue,
          st_stairs_10
D:2:      layout_basic, serial_corexii_hall, corexii_hall_statues_x,
          chequers_hall_statues_wall_a
D:3:      layout_basic, minivault_14
D:4:      layout_loops_ring, nicolae_alphabet_shops
D:5:      layout_basic
D:6:      cheibrodos_fzero, layout_basic,
          chequers_temple_overflow_statue_of_worship, uniq_pikel

Notes
Turn   | Place    | Note
-------+----------+-------------------------------------------
     0 | D:1      | spaghetti the Demonspawn Fighter began the quest for the
                  | Orb.
     0 | D:1      | Reached XP level 1. HP: 18/18 MP: 1/1
     0 | D:1      | magus.rc [v1.9.6]
    19 | D:1      | Reached skill level 2 in Axes
   148 | D:1      | Gained mutation: You have a pair of small antennae on your
                  | head. [demonic ancestry]
   148 | D:1      | Reached XP level 2. HP: 21/24 MP: 2/2
   226 | D:1      | Reached skill level 3 in Axes
   487 | D:2      | Gained mutation: You may rarely emit foul miasma when
                  | damaged in melee. [demonic ancestry]
   487 | D:2      | Reached XP level 3. HP: 27/29 MP: 3/3
   913 | D:2      | Reached skill level 4 in Axes
   913 | D:2      | Gained mutation: You sometimes emit foul miasma when
                  | damaged in melee. [demonic ancestry]
   913 | D:2      | Reached XP level 4. HP: 20/35 MP: 4/4
   915 | D:2      | HP: 8/35 [worm (9)]
  1521 | D:2      | You pick up a book of Minor Magic and begin reading...
  1521 | D:2      | You add the spells Magic Dart, Call Imp and Mephitic Cloud
                  | to your library.
  1808 | D:3      | Gained mutation: You have a pair of antennae on your head.
                  | [demonic ancestry]
  1808 | D:3      | Reached XP level 5. HP: 33/41 MP: 5/5
  2161 | D:3      | Reached skill level 5 in Axes
  3085 | D:4      | Reached skill level 4 in Fighting
  3136 | D:4      | Noticed a steam dragon
  3139 | D:4      | HP: 9/42 [steam dragon/ball of steam (16)]
  3141 | D:4      | Killed a steam dragon
  3142 | D:4      | Reached skill level 5 in Fighting
  3142 | D:4      | Reached XP level 6. HP: 32/51 MP: 6/6
  3374 | D:4      | Found Eaet's Eclectic Emporium.
  3381 | D:4      | Bought a +0 executioner's axe for 100 gold pieces
  3381 | D:4      | v - a +0 executioner's axe {axerare=g}
  3472 | D:4      | You pick up a book of Dangerous Friends and begin
                  | reading...
  3472 | D:4      | You add the spells Summon Guardian Golem, Orb of
                  | Destruction and Spellforged Servitor to your library.
  3944 | D:5      | Entered Level 5 of the Dungeon
  4076 | D:5      | Identified the +7 shortbow of the Foot {speed, +Blink Dex-5
                  | Stlth+}
  4110 | D:5      | Gained mutation: You have a pair of large antennae on your
                  | head. (SInv) [demonic ancestry]
  4110 | D:5      | Reached XP level 7. HP: 57/57 MP: 7/7
  4325 | D:5      | Reached skill level 6 in Fighting
  4607 | D:5      | Reached skill level 6 in Axes
  5058 | D:6      | HP: 12/58 [lemure[Pikel] (5)]
  5061 | D:6      | Noticed a steam dragon
  5075 | D:6      | HP: 9/58 [something/ball of steam (9)]
  5077 | D:6      | Engulfed by a steam dragon's steam

Vanquished Creatures
  A steam dragon (D:4)
  2 centaurs
  An ogre (D:5)
  A lemure (D:6)
  A kobold brigand (D:6)
  A scorpion (D:4)
  2 hounds
  2 jellies
  An orc priest (D:3)
  2 iguanas
  4 gnolls
  7 adders
  An ufetubus (D:5)
  6 worms
  A dart slug (D:1)
  10 orcs
  5 endoplasms
  4 giant cockroaches
  5 goblins
  5 hobgoblins
  6 jackals
  12 kobolds
  3 quokkas
  4 ball pythons
  7 bats
  4 frilled lizards
  4 rats
102 creatures vanquished.

Vanquished Creatures (others)
  A kobold (D:6)
1 creature vanquished.

Grand Total: 103 creatures vanquished

Table legend:
 A = Non-vault XP
 B = Vault XP
 C = Vault XP percentage of total XP
 D = Non-vault monster count
 E = Vault monster count
 F = Vault count percentage of total count
                 A         B        C        D         E       F
            +---------+---------+-------+---------+---------+-------
      Total |    1304 |      18 |   1.4 |      97 |       4 |   4.0
            +---------+---------+-------+---------+---------+-------
        D:1 |      22 |      18 |  45.0 |      14 |       4 |  22.2
        D:2 |     107 |       0 |   0.0 |      22 |       0 |   0.0
        D:3 |     107 |       0 |   0.0 |      21 |       0 |   0.0
        D:4 |     464 |       0 |   0.0 |      23 |       0 |   0.0
        D:5 |     378 |       0 |   0.0 |       9 |       0 |   0.0
        D:6 |     226 |       0 |   0.0 |       8 |       0 |   0.0
            +---------+---------+-------+---------+---------+-------

Illustrated notes

Table legend:
 A = Kills in this place as a percentage of kills in entire the game.
 B = Kills by you in this place as a percentage of kills by you in the entire game.
 C = Kills by friends in this place as a percentage of kills by friends in the entire game.
 D = Other kills in this place as a percentage of other kills in the entire game.
 E = Experience gained in this place as a percentage of experience gained in the entire game.
 F = Experience gained in this place divided by the number of levels of this place that you have seen.
                   A       B       C       D       E      F
               +-------+-------+-------+-------+-------+----------------------
         Total | 100.0 | 100.0 |   N/A |   N/A | 100.0 | 220.3
       Dungeon | 100.0 | 100.0 |   N/A |   N/A | 100.0 | 220.3
               +-------+-------+-------+-------+-------+----------------------

Table legend: (Time is in decaauts)
 A = Elapsed time spent in this place.
 B = Non-inter-level travel time spent in this place.
 C = Inter-level travel time spent in this place.
 D = Time resting spent in this place.
 E = Time spent auto-exploring this place.
 F = Levels seen in this place.
 G = Mean time per level.
                   A        B        C        D        E       F      G
               +--------+--------+--------+--------+--------+-----+--------+
         Total |   5178 |   5053 |    125 |    499 |   3693 |   6 |  863.0 |
       Dungeon |   5178 |   5053 |    125 |    499 |   3693 |   6 |  863.0 |
               +--------+--------+--------+--------+--------+-----+--------+

Top non-repeatable levels by time:
     D:3: 1320 daAuts
     D:2: 1255 daAuts
     D:5: 981 daAuts
     D:4: 957 daAuts
     D:1: 496 daAuts
     D:6: 166 daAuts
